 Dungeon Crawl Stone Soup version 0.31-a0-1300-gb6740aa4e6 (webtiles) character file.

Game seed: 8712679401106482039

414 LeprechaunX the Changeling (level 6, -4/42 HPs)
             Began as an Octopode Shapeshifter on Dec 18, 2023.
             Was an Initiate of Ashenzari.
             Slain by an orc priest
             ... wielding a +0 hand axe
              (8 damage)
             ... on level 4 of the Dungeon.
             The game lasted 00:03:22 (2411 turns).

LeprechaunX the Changeling (Octopode Shapeshifter)  Turns: 2411, Time: 00:03:23

Health: -4/42      AC:  1    Str: 13    XL:     6   Next: 91%
Magic:  7/7        EV: 13    Int: 13    God:    Ashenzari [......]
Gold:   185        SH:  0    Dex: 18    Spells: 7/7 levels left

rFire   . . .        n - +6 hammer of Yphoix {freeze, Dex+5}
rCold   . . .        m - orb {light}
rNeg    . . .        (helmet currently unavailable)
rPois   .            (no amulet)
rElec   .            l - ring of the Ensconced Vision {Wiz, Melee, Dev} (curse)
rCorr   .            (no ring)
SInv    .            (no ring)
Will    .....        (no ring)
Stlth   +            (no ring)
HPRegen 0.27/turn    (no ring)
MPRegen 0.10/turn    (no ring)
                     (no ring)

%: wizardry (x1)
@: beast-form, glowing
A: beast (slay +3), almost no armour, amphibious, 8 rings, camouflage 1,
gelatinous body 1, (nimble swimmer 1), tentacles
a: Begin Untransformation, Renounce Religion, Shatter the Chains


You were on level 4 of the Dungeon.
You worshipped Ashenzari.
Ashenzari was noncommittal.
You were a hulking beast.
You visited 1 branch of the dungeon, and saw 4 of its levels.

You collected 185 gold pieces.

Inventory:

Hand Weapons
 n - the +6 hammer of Yphoix (weapon) {freeze, Dex+5}
   (You found it on level 2 of the Dungeon)

   Dex+5:     It affects your dexterity (+5).
 r - a +0 sling
Armour
 m - an orb of light (worn)
Jewellery
 l - the cursed ring of the Ensconced Vision (left tentacle) {Wiz, Melee, Dev}
   (You found it on level 1 of the Dungeon)

   [ring of wizardry]

   Wiz:       It improves your spell success rate.
   It has a curse which improves the following skills: Melee Combat: Short
   Blades, Long Blades, Axes, Maces & Flails, Polearms, Staves and Unarmed
   Combat.
   Devices:   Evocations and Shapeshifting.
Talismans
 b - a beast talisman
 c - a flux talisman
Scrolls
 d - a scroll of fog {unknown}
 e - 2 scrolls of brand weapon {unknown}
 g - 2 scrolls of identify {unknown}
 j - a scroll of vulnerability {unknown}
 o - a scroll of teleportation {unknown}
 p - a scroll of noise {unknown}
 s - 3 scrolls of fear {unknown}
Potions
 a - 2 potions of lignification
 f - 4 potions of curing {unknown}
 h - a potion of degeneration {unknown}
 i - a potion of invisibility {unknown}
 k - a potion of heal wounds {unknown}
 q - a potion of enlightenment {unknown}
 t - a potion of mutation {unknown}


   Skills:
 + Level 3.0 Fighting
 + Level 1.4(1.7) Maces & Flails
 - Level 2.0 Dodging
 + Level 4.3(4.7) Unarmed Combat
 + Level 1.2 Spellcasting
 * Level 5.1(5.5) Shapeshifting


You had 7 spell levels left.
You didn't know any spells.
Your spell library contained the following spells:

 Spells                   Type           Power      Damage    Failure   Level
 Cigotuvi's Dreadful Rot  Necr/Pois/Air  0%         N/A       16%         2
 Ignite Poison            Fire/Tmut/Pois 0%         N/A       32%         3
 Freezing Cloud           Conj/Ice/Air   0%         6-21      95%         5


Dungeon Overview and Level Annotations

Branches:
Dungeon (4/15)
 Temple: D:4-7

Altars:
Ashenzari
Elyvilon

Annotations:
D:2 1 runed translucent door, Crazy Yiuf


Innate Abilities, Weirdness & Mutations

You are a hulking beast.
Your limbs bulge with bestial killing power. (Slay +3)
You cannot wear most types of armour.
You are amphibious.
You can wear up to eight rings at the same time.
Your skin changes colour to match your surroundings (Stealth+).
Your rubbery body absorbs attacks. (AC +1, EV +1)
((You are camouflaged when in or above water. (Stealth+)))
You have tentacles for arms and can constrict up to eight enemies at once.


Message History

The orc priest casts a cantrip, but nothing happens.
The centaur shoots an arrow.
The arrow hits you!
A ball python comes into view.
The ball python hisses angrily.
You hear a shout!
The centaur unwields a +0 shortbow.
The centaur misses you. The centaur barely misses you.
You hear a shout!
You hear an angry hiss.
Things that are here:
a +0 flail; an orc corpse You hit the centaur.
You freeze the centaur.
The centaur is moderately wounded.
The centaur hits you.
The centaur kicks you but does no damage.
The centaur hits you. The centaur barely misses you.
A hobgoblin comes into view.
You thump the centaur! You freeze the centaur. You squeeze the centaur.
The centaur is almost dead.
The centaur hits you. The centaur closely misses you. The centaur hits you.
* * * LOW HITPOINT WARNING * * *
The centaur barely misses you.
Unknown command.
You barely miss the centaur. You squeeze the centaur.
You kill the centaur!
Your Fighting skill increases to level 3!
Unknown command.
You sock the ball python!
The ball python seems to slow down.
You freeze the ball python.
You kill the ball python!
Unknown command.
The orc priest hits you with a +0 hand axe.
* * * LOW HITPOINT WARNING * * *
The hobgoblin hits you.
* * * LOW HITPOINT WARNING * * *
You see here a +0 shortbow.
You hit the orc priest. You freeze the orc priest. You grab the orc priest.
You squeeze the orc priest.
The orc priest is severely wounded.
You constrict the orc priest, but do no damage.
The orc priest hits you with a +0 hand axe!
You die...

. c###... #. ###.#.....
... #..........#. ....
#..............
#....##..##..........
#..........#.........
#)....#........
#..go.#........ .
##.##h........# ..
....#..#).........## #..
..............#....##...
.......#......#..........
............).#..........
.........................
.............###.........
##.........#.###..#.##...
###.........##.....# .#.


You could see an orc priest and a hobgoblin.

Vanquished Creatures
  Duvessa (D:4)
  A centaur (D:4)
  Dowan (D:4)
  Jessica (D:2)
  An orc wizard (D:3)
  3 adders (D:2)
  A worm (D:3)
  3 dart slugs
  10 orcs
  12 ball pythons
  8 bats
  7 endoplasms
  4 giant cockroaches
  6 goblins
  9 hobgoblins
  5 kobolds
  2 quokkas (D:1)
  A frilled lizard (D:2)
  6 rats
82 creatures vanquished.

Notes
Turn   | Place    | Note
-------+----------+-------------------------------------------
     0 | D:1      | LeprechaunX the Octopode Shapeshifter began the quest for
                  | the Orb.
     0 | D:1      | Reached XP level 1. HP: 13/13 MP: 1/1
   112 | D:1      | Reached XP level 2. HP: 13/18 MP: 2/2
   538 | D:1      | Reached XP level 3. HP: 18/23 MP: 3/3
  1096 | D:2      | Identified the +6 hammer of Yphoix {freeze, Dex+5}
  1098 | D:2      | Found a runed translucent door.
  1099 | D:2      | Noticed Crazy Yiuf
  1166 | D:2      | Reached XP level 4. HP: 29/29 MP: 4/4
  1199 | D:2      | Reached skill level 4 in Shapeshifting
  1269 | D:2      | Noticed Jessica
  1273 | D:2      | Killed Jessica
  1539 | D:3      | Found a faded altar of an unknown god.
  1569 | D:3      | Reached XP level 5. HP: 34/34 MP: 5/5
  1594 | D:3      | Prayed at the altar of an unknown god.
  1594 | D:3      | Became a worshipper of Ashenzari the Shackled
  1652 | D:3      | Found a white marble altar of Elyvilon.
  2202 | D:4      | Noticed Duvessa
  2219 | D:4      | Killed Duvessa
  2220 | D:4      | Reached XP level 6. HP: 22/41 MP: 5/7
  2227 | D:4      | Noticed Dowan
  2305 | D:4      | Killed Dowan
  2306 | D:4      | Reached skill level 1 in Maces & Flails
  2306 | D:4      | Reached skill level 1 in Spellcasting
  2306 | D:4      | Reached skill level 5 in Shapeshifting
  2411 | D:4      | Slain by an orc priest

Illustrated notes

Levels and vault maps discovered:
D:1:      psy_arrival_radial02, layout_basic, minmay_pentomino_t4
D:2:      layout_rooms, palyth_stone_intersect, uniq_crazy_yiuf_cottage,
          uniq_jessica
D:3:      layout_basic, elyvilon_altar_4, dreamdust_ecumenical_altar_grove
D:4:      layout_cave_pools, uniq_duvessa

Skill      XL: |  1  2  3  4  5  6 |
---------------+-------------------+-----
Fighting       | 2 3 |  3.0
Shapeshifting  | 4 5 |  5.1
Unarmed Combat | 4 |  4.3
Maces & Flails | 1 |  1.4
Spellcasting   | 1 |  1.2
Dodging        | |  2.0

Action                     |  1- 3 |  4- 6 || total
---------------------------+-------+-------++-------
  Melee: Unarmed           |    41 |       ||    41
         Constrict         |    20 |    15 ||    35
         Tentacles         |     8 |    12 ||    20
         Punch             |     2 |     1 ||     3
         Dagger            |    29 |       ||    29
         Mace              |     1 |    68 ||    69
 Invoke: Curse Item        |       |     1 ||     1
   Stab: Sleeping          |     4 |       ||     4
 Armour: Skin              |    29 |    29 ||    58
  Dodge: Dodged            |    47 |    39 ||    86

Table legend: (Time is in decaauts)
 A = Elapsed time spent in this place.
 B = Non-inter-level travel time spent in this place.
 C = Inter-level travel time spent in this place.
 D = Time resting spent in this place.
 E = Time spent auto-exploring this place.
 F = Levels seen in this place.
 G = Mean time per level.
                   A        B        C        D        E       F      G
               +--------+--------+--------+--------+--------+-----+--------+
         Total |   2423 |   2349 |     74 |     69 |   1843 |   4 |  605.8 |
       Dungeon |   2423 |   2349 |     74 |     69 |   1843 |   4 |  605.8 |
               +--------+--------+--------+--------+--------+-----+--------+

Top non-repeatable levels by time:
     D:1: 914 daAuts
     D:3: 747 daAuts
     D:2: 597 daAuts
     D:4: 164 daAuts
